 Dungeon Crawl Stone Soup version 0.31.0-32-g396128a36d (webtiles) character file.

Game seed: 1362613132560869777

1527 pussypuss the Cleaver (level 8, -3/74 HPs)
             Began as a Minotaur Fighter on Mar 20, 2024.
             Was an Initiate of Trog.
             Slain by Prince Ribbit (6 damage)
             ... on level 6 of the Dungeon on Mar 21, 2024.
             The game lasted 00:09:31 (4121 turns).

pussypuss the Cleaver (Minotaur Fighter)            Turns: 4121, Time: 00:09:31

Health: -3/74      AC:  9    Str: 23    XL:     8   Next: 55%
Magic:  7/7        EV:  9    Int:  5    God:    Trog [......]
Gold:   339        SH:  4    Dex: 10    Spells: 7/7 levels left

rFire   . . .        p - +1 mace of Keox Borph {flame, rPois rCorr}
rCold   . . .        c - +0 buckler
rNeg    . . .        b - +0 scale mail
rPois   +            (helmet restricted)
rElec   .            (no cloak)
rCorr   +            h - +1 pair of gloves
SInv    .            (no boots)
Will    +....        (no amulet) Stlth
                     r - ring of willpower
HPRegen 0.32/turn    (no ring)
MPRegen 0.10/turn

%: no passive effects
@: hasted, very quick
A: horns 2, retaliatory headbutt
a: Renounce Religion


You were on level 6 of the Dungeon.
You worshipped Trog.
Trog was noncommittal.
You visited 2 branches of the dungeon, and saw 7 of its levels.

You collected 339 gold pieces.

Inventory:

Hand Weapons
 a - a +1 war axe
 p - the +1 mace of Keox Borph (weapon) {flame, rPois rCorr}
   (You found it on level 3 of the Dungeon)

   rPois:     It protects you from poison rCorr: It protects you from acid and
   corrosion.
Armour
 b - a +0 scale mail (worn)
 c - a +0 buckler (worn)
 h - a +1 pair of gloves (worn)
Jewellery
 d - a ring of positive energy
 r - a ring of willpower (left hand)
 u - the amulet of Discretion {rPois rC+ Regen+ Dex-5}
   (You found it on level 6 of the Dungeon)

   [amulet of regeneration]

   Dex-5:     It affects your dexterity (-5).
   rC+:       It protects you from cold.
   rPois:     It protects you from poison Regen+: It increases your rate of
   health regeneration.
Wands
 t - a wand of light (5)
Scrolls
 f - 2 scrolls of identify
 j - 2 scrolls of enchant weapon
 l - 2 scrolls of fog
 m - a scroll of noise
 o - a scroll of teleportation
 q - 2 scrolls of vulnerability
Potions
 e - a potion of lignification
 g - 2 potions of haste
 i - 2 potions of magic


   Skills:
 + Level 7.7 Fighting
 + Level 11.1 Axes
 - Level 3.6 Armour
 - Level 3.6 Shields


You had 7 spell levels left.
You didn't know any spells.
Your spell library contained the following spells:

 Spells                   Type           Power      Damage    Failure   Level
 Blink                    Tloc           0%         N/A       94%         2
 Lesser Beckoning         Tloc           0%         N/A       94%         2
 Momentum Strike          Conj/Tloc      0%         3d8       94%         2
 Summon Forest            Summ/Tloc      0%         N/A       100%        5
 Summon Mana Viper        Hex/Summ       0%         N/A       100%        5
 Summon Cactus Giant      Summ           0%         N/A       100%        6


Dungeon Overview and Level Annotations

Branches:
Dungeon (6/15)             Temple (1/1) D:4

Altars:
Ashenzari
Cheibriados
Elyvilon
Fedhas
Gozag
Hepliaklqana
Kikubaaqudgha
Nemelex Xobeh
Qazlal
Sif Muna
Trog
Wu Jian
Xom
The Shining One
Ignis

Shops:
D:3 :

Annotations:
D:6 Prince Ribbit


Innate Abilities, Weirdness & Mutations

You have a pair of horns on your head.
You reflexively headbutt those who attack you in melee.


Message History

Trog appreciates your killing of a magic user.
Reactivating autopickup.
You feel a bit more experienced.
You barely miss Prince Ribbit. You headbutt Prince Ribbit!
Prince Ribbit is moderately wounded.
Prince Ribbit closely misses you. You furiously retaliate!
You headbutt Prince Ribbit. The orc hits you but does no damage.
The orc misses you.
You thump Prince Ribbit! You burn Prince Ribbit. You headbutt Prince Ribbit.
Prince Ribbit is heavily wounded.
Prince Ribbit closely misses you. You furiously retaliate!
You headbutt Prince Ribbit, but do no damage.
The orc hits you but does no damage. x2
You barely miss Prince Ribbit. Your headbutt misses Prince Ribbit.
Prince Ribbit is heavily wounded.
Prince Ribbit hits you but does no damage.
You closely miss Prince Ribbit.
Prince Ribbit is heavily wounded.
Prince Ribbit hits you!
* * * LOW HITPOINT WARNING * * *
The orc hits you but does no damage. The orc hits you with a +0 flail!
* * * LOW HITPOINT WARNING * * *
You feel much better. Prince Ribbit hits you!
* * * LOW HITPOINT WARNING * * *
The orc hits you with a +0 dagger.
* * * LOW HITPOINT WARNING * * *
The orc hits you with a +0 flail!
* * * LOW HITPOINT WARNING * * *
You barely miss Prince Ribbit. Your headbutt misses Prince Ribbit.
Prince Ribbit is heavily wounded.
Prince Ribbit hits you.
* * * LOW HITPOINT WARNING * * *
The orc hits you with a +0 dagger.
* * * LOW HITPOINT WARNING * * *
The orc hits you but does no damage.
Okay, then.
You sock Prince Ribbit! You burn Prince Ribbit.
Prince Ribbit is almost dead.
Prince Ribbit hits you.
You die...

##.... ###
#..... ..#
##.... ...#
# ###...
...#.#
#.....
#####.....#
##....
#..........
#....
#.o)F......
#.... #.o@#
#.....
#....#.##
.......
#.......
.......
#........
.......
#.........
..
#..#######.
.. ##. .. #
..


You could see Prince Ribbit and 2 orcs.

Vanquished Creatures
  Sigmund (D:2)
  A water moccasin (D:6)
  An orc warrior (D:6)
  3 ogres
  A phantom (D:5)
  A gnoll sergeant (D:5)
  2 scorpions
  A howler monkey (D:5)
  3 bombardier beetles (D:5)
  3 hounds
  2 jellies
  Natasha (thrice) (D:2)
  2 orc wizards
  Terence (D:2)
  Robin (D:2)
  4 gnolls
  6 adders
  A white imp (D:4)
  2 ufetubi (D:5)
  2 ribbon worms (D:2)
  4 dart slugs
  8 orcs
  6 ball pythons
  6 endoplasms
  5 giant cockroaches
  20 goblins
  7 hobgoblins
  2 kobolds
  5 quokkas
  7 bats
  5 frilled lizards
  7 rats
123 creatures vanquished.

Notes
Turn   | Place    | Note
-------+----------+-------------------------------------------
     0 | D:1      | pussypuss the Minotaur Fighter began the quest for the Orb.
     0 | D:1      | Reached XP level 1. HP: 19/19 MP: 0/0
   108 | D:1      | Reached skill level 3 in Axes
   164 | D:1      | Reached XP level 2. HP: 25/26 MP: 1/1
   654 | D:2      | Noticed Natasha
   659 | D:2      | Reached skill level 4 in Axes
   669 | D:2      | HP: 1/26 [Natasha (5)]
   671 | D:2      | Killed Natasha
   672 | D:2      | Reached XP level 3. HP: 2/31 MP: 2/2
   796 | D:2      | Noticed Sigmund
   827 | D:2      | Killed Sigmund
   828 | D:2      | Reached skill level 7 in Axes
   828 | D:2      | Reached XP level 4. HP: 39/39 MP: 3/3
   828 | D:2      | Reached XP level 5. HP: 45/45 MP: 4/4
   897 | D:2      | Noticed Robin
   915 | D:2      | Killed Robin
   968 | D:2      | Noticed Natasha
   976 | D:2      | Killed Natasha
   977 | D:2      | Reached XP level 6. HP: 33/51 MP: 5/5
  1071 | D:2      | Noticed Natasha
  1081 | D:2      | Killed Natasha
  1145 | D:2      | Reached skill level 8 in Axes
  1153 | D:2      | Noticed Terence
  1164 | D:2      | Killed Terence
  1608 | D:3      | Identified the +1 mace of Keox Borph {flame, rPois rCorr}
  1760 | D:3      | Found Maotanwu's Book Shop.
  1788 | D:3      | Found a stormy altar of Qazlal.
  1788 | D:3      | Found an opulent altar of Gozag.
  2055 | D:4      | Reached skill level 9 in Axes
  2055 | D:4      | Reached XP level 7. HP: 25/59 MP: 6/6
  2404 | D:4      | Reached skill level 5 in Fighting
  2494 | D:4      | Found a staircase to the Ecumenical Temple.
  2504 | Temple   | Entered the Ecumenical Temple
  2564 | Temple   | Became a worshipper of Trog the Wrathful
  3024 | D:5      | Entered Level 5 of the Dungeon
  3038 | D:5      | Reached skill level 10 in Axes
  3259 | D:5      | Reached XP level 8. HP: 47/70 MP: 7/7
  3494 | D:5      | You fall into a shaft and drop 1 floor!
  3572 | D:6      | Identified the amulet of Discretion {rPois rC+ Regen+
                  | Dex-5}
  4105 | D:6      | Noticed Prince Ribbit
  4113 | D:6      | Reached skill level 11 in Axes
  4118 | D:6      | HP: 3/74 [orc/+0 flail (8)]
  4121 | D:6      | Slain by Prince Ribbit

Illustrated notes

Levels and vault maps discovered:
D:1:      roderic_chinese_lattice_arrival, layout_basic, serial_bayou_ford_a,
          minmay_close_crescents
D:2:      layout_rooms, uniq_robin, uniq_sigmund, uniq_natasha, uniq_terence
D:3:      layout_rooms, nicolae_overflow_two_pavilions, serial_shops,
          nicolae_shop_advertising_works [nicolae_subvault_shop_adworks],
          serial_bayou_lagoon_b
D:4:      layout_gridville, minmay_temple_entry_antechambers,
          serial_library_hellmonk_small_alcove
D:5:      layout_rooms, grunt_decor_junction
D:6:      layout_cave_pools, nicolae_ru_path_of_blood, serial_column_ruins,
          column_ruins_hut_ruined, column_ruins_grid_2, column_ruins_grid_1,
          column_ruins_corridor_corner, column_ruins_open_tiny, minmay_circle_x,
          uniq_prince_ribbit1
Temple:   pdpol_scorched_temple

Skill      XL: |  1  2  3  4  5  6  7  8 |
---------------+-------------------------+-----
Axes           | 3 4 7 9 10 11 | 11.1
Fighting       | 4 6 7 |  7.7
Armour         | |  3.6
Shields        | |  3.6

Action                     |  1- 3 |  4- 6 |  7- 9 || total
---------------------------+-------+-------+-------++-------
  Melee: War axe           |    45 |    72 |       ||   117
         Headbutt          |     7 |     9 |    16 ||    32
         Mace              |       |    28 |   135 ||   163
    Use: Potion            |     3 |     1 |     5 ||     9
         Scroll            |       |       |     9 ||     9
 Armour: Scale mail        |    32 |    77 |   148 ||   257
  Dodge: Dodged            |    26 |    52 |    60 ||   138
  Block: Buckler           |     5 |    12 |    37 ||    54
